 Dungeon Crawl Stone Soup version 0.17.1-1-g73c8601 (webtiles) character file.

222 PossumBlood the Slasher (level 5, -10/46 HPs)
             Began as a Minotaur Fighter on Dec 19, 2015.
             Killed by divine providence
             ... invoked by an orc priest
              (14 damage)
             ... on level 4 of the Dungeon.
             The game lasted 00:07:07 (2638 turns).

PossumBlood the Slasher (Minotaur Fighter)          Turns: 2638, Time: 00:07:08

Health: -10/46     AC:  9    Str: 21    XL:     5   Next: 66%
Magic:  4/4        EV:  7    Int:  5    God:
Gold:   79         SH:  9    Dex: 10    Spells: 0 memorised, 4 levels left

rFire  . . .     SeeInvis .     a - +0 long sword
rCold  . . .     Clarity  .     b - +0 scale mail
rNeg   . . .     SustAt   .     c - +0 shield
rPois  .         Gourm    .     (helmet restricted)
rElec  .         Spirit   .     (no cloak)
rCorr  .         Warding  .     f - +1 pair of gloves
rMut   .         Stasis   .     (no boots)
MR     .....                    (no amulet)
Stlth  ..........               (no ring)
                                (no ring)

@: not resistant to hostile enchantments, extremely unstealthy
A: retaliatory headbutt, horns 2
a: no special abilities


You were on level 4 of the Dungeon.
You were not hungry.

You visited 1 branch of the dungeon, and saw 4 of its levels.

You collected 79 gold pieces.

Inventory:

Hand Weapons
 a - a +0 long sword (weapon)
Missiles
 l - 8 tomahawks (quivered)
Armour
 b - a +0 scale mail (worn)
 c - a +0 shield (worn)
 f - a +1 pair of gloves (worn)
Scrolls
 h - a scroll of fear
 k - 2 scrolls of remove curse
 m - 2 scrolls of identify
 p - a scroll of enchant armour
Potions
 d - 2 potions of might
 j - a potion of heal wounds {unknown}
 u - a potion of flight {unknown}
 v - a potion of brilliance {unknown}
Comestibles
 o - 2 bread rations


   Skills:
 - Level 3.7 Fighting
 * Level 7.2 Long Blades
 - Level 3.6 Armour
 - Level 3.6 Shields


You had 4 spell levels left.
You didn't know any spells.

Dungeon Overview and Level Annotations

Branches:
Dungeon (4/15)
 Temple: D:4-7

Altars:
Elyvilon
Ru
Zin
The Shining One


Innate Abilities, Weirdness & Mutations

You reflexively headbutt those who attack you in melee.
You have a pair of horns on your head.


Message History

a dagger; a leather armour; a scale mail; an orc corpse; an orc corpse You hit the orc priest.
Your headbutt misses the orc priest.
The orc priest is heavily wounded.
The orc hits you but does no damage. The orc priest closely misses you.
Your shield prevents you from hitting the orc priest.
Your headbutt misses the orc priest.
The orc priest is heavily wounded.
The orc hits you but does no damage. The orc priest hits you.
* * * LOW HITPOINT WARNING * * *
You hit the orc priest. Your headbutt misses the orc priest.
The orc priest is severely wounded.
The orc hits you with a short sword.
* * * LOW HITPOINT WARNING * * *
You block the orc priest's attack.
Your shield prevents you from hitting the orc priest.
The orc priest is severely wounded.
The orc closely misses you.
The orc priest calls down the wrath of Beogh upon you.
Something smites you!
You die...

#.# #.# ### ###.###
...#.....#
#.#.#.#.#####
...........# ####
#>#.#.# #.##...##
##.###.....###o#.....##
...........<...@o.....#
##.#####.#######†......
#..# #...... ##.#
#....( .# ..... .# ....
.# ### .#


You could see an orc priest and an orc.

Vanquished Creatures
  2 orc wizards
  An orc priest (D:4)
  4 adders
  An ooze (D:1)
  An adder skeleton (D:3)
  3 worms
  3 orcs
  2 giant cockroaches
  9 hobgoblins
  7 jackals
  13 bats
  6 giant geckos
  5 giant newts
  11 goblins
  7 kobolds
  A quokka (D:2)
  8 rats
84 creatures vanquished.

Notes
Turn   | Place    | Note
--------------------------------------------------------------
     0 | D:1      | PossumBlood the Minotaur Fighter began the quest for the Orb.
     0 | D:1      | Reached XP level 1. HP: 19/19 MP: 0/0
   232 | D:1      | Reached XP level 2. HP: 27/27 MP: 1/1
   725 | D:2      | Reached skill level 4 in Long Blades
   725 | D:2      | Reached XP level 3. HP: 33/33 MP: 2/2
  1119 | D:2      | Reached skill level 5 in Long Blades
  1525 | D:2      | Reached XP level 4. HP: 29/40 MP: 3/3
  1985 | D:3      | Found a sacrificial altar of Ru.
  2101 | D:3      | Found a glowing golden altar of the Shining One.
  2101 | D:3      | Found a white marble altar of Elyvilon.
  2102 | D:3      | Found a glowing silver altar of Zin.
  2264 | D:3      | Reached skill level 6 in Long Blades
  2270 | D:3      | Reached XP level 5. HP: 31/46 MP: 4/4
  2624 | D:4      | HP: 1/46 [orc priest/divine providence (15)]
  2632 | D:4      | Reached skill level 7 in Long Blades
  2638 | D:4      | Killed from afar by an orc priest

Action                   |  1- 3 |  4- 6 || total
-------------------------+-------+-------++-------
Melee: Long sword        |    97 |   111 ||   208
  Use: Scroll            |       |    10 ||    10
       Potion            |       |     2 ||     2
 Stab: Invisible         |       |     2 ||     2
       Paralysed         |       |     1 ||     1
  Eat: Bread ration      |     1 |       ||     1
       Pizza             |       |     1 ||     1
